Map: Dusk Towers

Players

lIIIIIllllII - Winner!

  • Race: Protoss Protoss
  • League: Master

xKawaiian

  • Race: Terran Terran
  • League: Master

VOD

Have the link to the VOD?

Description

Time

  • Played on: Jan. 13, 2016, 3:42 p.m.
  • Length: 5:54
Show
View Real Time Build Order
Export as new Build Order

lIIIIIllllII Protoss - Winner!

Build Orders:  

Get SALT Encoding   

  12  0:02  Probe (Chrono Boost)  
  13  0:13  Probe (Chrono Boost)  
  14  0:23  Probe (Chrono Boost), Pylon  
  15  0:41  Probe (Chrono Boost)  
  16  0:44  Gateway  
  16  0:49  Assimilator  
  16  0:52  Probe (Chrono Boost)  
  17  1:00  Assimilator  
  17  1:02  Probe (Chrono Boost)  
  18  1:13  Probe (Chrono Boost)  
  18  1:16  Pylon  
  19  1:25  Probe (Chrono Boost)  
  20  1:32  Cybernetics Core  
  20  1:35  Probe (Chrono Boost)  
  21  1:46  Probe (Chrono Boost)  
  22  1:55  Pylon  
  22  1:57  Probe (Chrono Boost)  
  23  2:07  Probe (Chrono Boost)  
  24  2:10  Adept (Chrono Boost)  
  24  2:11  Warp Gate (Chrono Boost)  
  24  2:14  Robotics Facility  
  26  2:22  Probe  
  27  2:29  Gateway  
  27  2:39  Gateway  
  27  3:01  Gateway  
  27  3:03  Immortal (Chrono Boost)  
  31  3:07  Pylon  
  31  3:29  Pylon  
  30  3:38  Immortal (Chrono Boost)  
  34  4:13  Warp Prism (Chrono Boost)  
  36  4:21  Adept x3  
  36  4:22  Adept  
  44  4:37  Pylon  
  44  4:40  Pylon  
  42  4:59  Pylon  
  42  5:00  Probe  
  42  5:01  Adept x3  
  42  5:02  Adept  
  51  5:29  Adept x2  
  51  5:30  Stalker x2  
Show
View Real Time Build Order
Export as new Build Order

xKawaiian Terran 

Build Orders: Reaper Expand 

Get SALT Encoding   

  12  0:00  SCV  
  13  0:13  SCV  
  14  0:17  Supply Depot  
  14  0:25  SCV  
  15  0:39  SCV  
  15  0:40  Barracks  
  16  0:47  Refinery  
  16  0:51  SCV  
  17  1:03  SCV  
  18  1:15  SCV  
  19  1:28  Orbital Command  
  19  1:31  Reaper  
  20  1:39  Command Center  
  20  1:51  Supply Depot  
  20  1:54  SCV  
  21  2:03  Barracks Reactor  
  21  2:06  SCV  
  21  2:07  Barracks  
  22  2:18  SCV, Barracks  
  23  2:30  SCV  
  24  2:40  Engineering Bay  
  24  2:41  Marine x2  
  24  2:42  SCV  
  27  2:53  Orbital Command  
  27  2:54  SCV, Barracks Tech Lab  
  28  2:59  Marine x2  
  30  3:08  Marine  
  30  3:11  Bunker  
  31  3:16  Missile Turret  
  31  3:17  SCV, Marine x2  
  31  3:19  Marine  
  35  3:24  Stimpack  
  35  3:26  Marine  
  36  3:32  SCV  
  36  3:33  SCV  
  38  3:34  Marine  
  38  3:35  Marine  
  40  3:42  Marine  
  40  3:44  Factory  
  40  3:46  Refinery  
  40  3:47  SCV, Marine  
  43  3:53  Marine  
  43  3:54  SCV, Supply Depot  
  43  3:55  Marine  
  46  4:12  Supply Depot  
  46  4:16  SCV x2, Marine x2  
  50  4:19  Supply Depot  
  50  4:25  Marine  
  50  4:28  SCV, Factory Reactor  
  50  4:30  Starport, Marine  
  53  4:32  SCV  
  53  4:33  Marine  
  53  4:36  Bunker  
  55  4:38  Marine  
  55  4:40  SCV  
  55  4:43  Marine  
  58  4:50  SCV  
  58  4:53  Marine  
  58  4:57  Marauder  
  58  4:58  SCV  
  58  4:59  Barracks x2  
  62  5:02  SCV  
  62  5:03  Supply Depot  
  63  5:10  SCV, Refinery  
  63  5:14  Factory Tech Lab  
  64  5:15  SCV  
  64  5:18  Marine, Medivac x2  
  70  5:26  SCV  
  71  5:32  Marauder, Marine  
Tags
 
Add a new tag
Caveats
  • Supply blocks, unpowered buildings, or Contaminate may cause inaccurate times.
  • Supply counts are checked every 10 seconds.